 Dungeon Crawl Stone Soup version 0.30-a0-672-gc3a7216ad8 (webtiles) character file.

Game seed: 964792178605693764

35 Newt the Sneak (level 3, -2/27 HPs)
             Began as a Demonspawn Gladiator on Jan 18, 2023.
             Slain by a goblin
             ... wielding a +0 dagger
             ... led by Robin
              (4 damage)
             ... on level 2 of the Dungeon.
             The game lasted 00:01:19 (834 turns).

Newt the Sneak (Demonspawn Gladiator)                Turns: 834, Time: 00:01:20

Health: -2/27      AC:  7    Str: 16    XL:     3   Next: 16%
Magic:  3/3        EV: 12    Int:  9    God:
Gold:   51         SH:  0    Dex: 14    Spells: 2/2 levels left

rFire   . . .      SeeInvis .    a - +0 rapier
rCold   . . .      Faith    .    (no shield)
rNeg    . . .      Spirit   .    b - +0 leather armour
rPois   .          Reflect  .    c - +0 helmet
rElec   .          Harm     .    (no cloak)
rCorr   .          Rampage  .    m - +0 pair of gloves
Will    .....                    (no boots)
Stlth   ++                       (no amulet)
HPRegen 0.24/turn                (no ring)
MPRegen 0.08/turn                (no ring)

@: on berserk cooldown, slowed, very slow
A: molten scales 1
a: no special abilities


You were on level 2 of the Dungeon.
You visited 1 branch of the dungeon, and saw 2 of its levels.

You collected 51 gold pieces.

Inventory:

Hand Weapons
 a - a +0 rapier (weapon)
Missiles
 d - 3 throwing nets (quivered)
Armour
 b - a +0 leather armour (worn)
 c - a +0 helmet (worn)
 m - a +0 pair of gloves (worn)
Jewellery
 n - a ring of positive energy
Potions
 f - a potion of mutation
 g - a potion of might
 i - a potion of curing {unknown}


   Skills:
 - Level 2.0 Fighting
 - Level 2.6 Short Blades
 - Level 1.7 Throwing
 - Level 2.6 Dodging
 + Level 2.9 Stealth


You had 2 spell levels left.
You didn't know any spells.
Your spell library contained the following spells:

 Spells                   Type           Power      Damage    Failure   Level
 Hailstorm                Conj/Ice       0%         3d3       83%         3
 Ice Form                 Ice/Tmut       0%         N/A       99%         4
 Simulacrum               Ice/Necr       0%         N/A       100%        6


Dungeon Overview and Level Annotations

Branches:
Dungeon (2/15)

Altars:

Annotations:
D:2 Robin


Innate Abilities, Weirdness & Mutations

You are partially covered in molten scales. (AC +2)


Message History

The hobgoblin closely misses you. The goblin hits you but does no damage.
The goblin hits you but does no damage. The hobgoblin hits you.
* * * LOW HITPOINT WARNING * * *
The goblin barely misses you.
The goblin hits you but does no damage. x2
The goblin attacks as you move away! The goblin hits you but does no damage.
Found a scroll labelled VIXY ZI LUISH.
Robin throws the goblin at you! The goblin hits you but does no damage.
The goblin closely misses you. x2
The goblin attacks as you move away! The goblin barely misses you.
The goblin no longer looks unusually strong.
The hobgoblin no longer looks unusually strong.
The goblin hits you but does no damage.
Robin roars a battlecry!
The goblins go into a battle-frenzy!
The goblin hits you with a +0 dagger.
* * * LOW HITPOINT WARNING * * *
Robin says, "Bow before me, strongest of all the hobgoblins!"
The goblin completely misses you. The goblin hits you but does no damage.
The goblin attacks as you move away! The goblin hits you but does no damage.
The goblin attacks as you move away! The goblin hits you but does no damage.
The goblin no longer looks unusually strong.
Robin says, "Kneel, worm!"
Robin throws the goblin at you! The goblin barely misses you.
You hit the goblin.
The goblin is moderately wounded.
The hobgoblin no longer looks unusually strong.
The goblin no longer looks unusually strong.
The goblin hits you but does no damage. x2
Robin roars a battlecry!
The goblins go into a battle-frenzy!
The goblin hits you with a +0 dagger.
* * * LOW HITPOINT WARNING * * *
The goblin hits you but does no damage.
Found a dagger.
The hobgoblin no longer looks unusually strong.
You aren't carrying any scrolls.
The goblin attacks as you move away! The goblin hits you but does no damage.
The goblin hits you with a +0 dagger.
You die...

**,,,,,**,,,,,*,*,,,*****,
**,..............#*,** **
*,,........).....#*,* *
*,,..............#*,* *
*,,..............#*,* *
*,,..............#*.** **
*,,..............#..,*****,
*,,.........?......⌠,,,,,,,
**,.......@g....#*,,,*****,
****.....##gg...##**,*******
*,,,###***##.g### **,,,*,,,
*,,,* ####g# **,,,,,,*,
*,,,* #...g# *,,,,,,,*,
*,,,* #..gg# *,,.,,,,**
*,,,* #...g# *,..,,,,**
*,,,* ##...#####...,,,,,,
*,,,* #..........,,,,***


You could see Robin, 3 hobgoblins and 3 goblins.

Vanquished Creatures
  A worm (D:2)
  An orc (D:2)
  A bat (D:1)
  2 endoplasms (D:1)
  5 goblins
  2 hobgoblins
  2 quokkas (D:1)
  6 ball pythons (D:1)
  A frilled lizard (D:1)
  4 kobolds (D:1)
  3 rats (D:1)
28 creatures vanquished.

Notes
Turn   | Place    | Note
-------+----------+-------------------------------------------
     0 | D:1      | Newt the Demonspawn Gladiator began the quest for the Orb.
     0 | D:1      | Reached XP level 1. HP: 16/16 MP: 1/1
    91 | D:1      | Reached skill level 1 in Stealth
   247 | D:1      | Gained mutation: You are partially covered in molten
                  | scales. (AC +2) [demonic ancestry]
   247 | D:1      | Reached XP level 2. HP: 22/22 MP: 2/2
   807 | D:2      | Reached XP level 3. HP: 6/27 MP: 3/3
   814 | D:2      | Noticed Robin
   832 | D:2      | HP: 1/27 [goblin/+0 dagger[Robin] (2)]
   834 | D:2      | Slain by a goblin

Illustrated notes

Levels and vault maps discovered:
D:1:      spicycebolla_green_bress_n_ham, layout_basic
D:2:      layout_rooms, kennysheep_nub, minmay_misc_feat_tower, uniq_robin,
          uniq_sigmund

Skill      XL: |  1  2 |
---------------+-------+-----
Stealth        | 1 2 |  2.9
Fighting       | |  2.0
Short Blades   | |  2.6
Throwing       | |  1.7
Dodging        | |  2.6

Action                   || total
-------------------------++-------
Melee: Rapier            ||    88
       Punch             ||     1
Throw: Javelin           ||     1
  Use: Scroll            ||     6
       Potion            ||     1
 Stab: Sleeping          ||     2
Armor: Leather armour    ||    48
Dodge: Dodged            ||    59

Table legend: (Time is in decaauts)
 A = Elapsed time spent in this place.
 B = Non-inter-level travel time spent in this place.
 C = Inter-level travel time spent in this place.
 D = Time resting spent in this place.
 E = Time spent auto-exploring this place.
 F = Levels seen in this place.
 G = Mean time per level.
                   A        B        C        D        E       F      G
               +--------+--------+--------+--------+--------+-----+--------+
         Total |    846 |    824 |     22 |      0 |    610 |   2 |  423.0 |
       Dungeon |    846 |    824 |     22 |      0 |    610 |   2 |  423.0 |
               +--------+--------+--------+--------+--------+-----+--------+

Top non-repeatable levels by time:
     D:1: 779 daAuts
     D:2: 66 daAuts
